 Dungeon Crawl Stone Soup version 0.22.1-2-g9c5b331 (webtiles) character file.

191 shamaniam the Ruffian (level 5, -5/49 HPs)
             Began as a Troll Transmuter on Nov 29, 2018.
             Slain by a centaur (8 damage)
             ... on level 3 of the Dungeon.
             The game lasted 00:02:48 (1442 turns).

shamaniam the Ruffian (Troll Transmuter)            Turns: 1442, Time: 00:02:49

Health: -5/49      AC:  5    Str: 18    XL:     5   Next: 42%
Magic:  6/6        EV: 10    Int: 10    God:
Gold:   100        SH:  0    Dex: 10    Spells: 6/7 levels left

rFire    . . .     SeeInvis .     - Unarmed
rCold    . . .     Gourm    +   (no shield)
rNeg     . . .     Faith    .   b - +0 robe
rPois    .         Spirit   .   (helmet restricted)
rElec    .         Reflect  .   (no cloak)
rCorr    .         Harm     .   (gloves unavailable)
MR       .....                  (boots unavailable)
Stlth    +.........             (no amulet)
HPRegen  0.56/turn              (no ring)
MPRegen  0.10/turn              (no ring)

@: no status effects
A: large, unfitting armour, claws 3, fast metabolism 3, gourmand, regeneration
1, shaggy fur 1, tough skin 2
a: no special abilities


You were on level 3 of the Dungeon.
You were completely stuffed.

You visited 1 branch of the dungeon, and saw 3 of its levels.

You collected 100 gold pieces.

Inventory:

Missiles
 a - 12 arrows
Armour
 b - a +0 robe (worn)
Scrolls
 c - 2 scrolls of identify {unknown}
 f - a scroll of immolation {unknown}
 j - 4 scrolls of remove curse {unknown}
 l - 2 scrolls of teleportation {unknown}
 m - a scroll of enchant armour {unknown}
Potions
 e - 2 potions of invisibility {unknown}
 h - a potion of might {unknown}
 i - a potion of lignification {unknown}
 k - a potion of magic {unknown}
 n - a potion of curing {unknown}
Comestibles
 d - 5 rations
 g - 5 chunks of flesh


   Skills:
 + Level 2.0 Fighting
 + Level 2.5 Dodging
 + Level 3.8 Unarmed Combat
 + Level 1.9 Spellcasting
 + Level 2.2 Transmutations


You had 6 spell levels left.
You knew the following spells:

 Your Spells              Type           Power        Failure   Level  Hunger
a - Beastly Appendage     Tmut           #.....       13%         1    ##.....

Your spell library contained the following spells:

 Spells                   Type           Power        Failure   Level  Hunger
 Sticks to Snakes         Tmut           #.......     19%         2    ###....
 Spider Form              Tmut/Pois      #.........   52%         3    ####...
 Ice Form                 Ice/Tmut       #.......     89%         4    #####..
 Blade Hands              Tmut           #.........   98%         5    ######.


Dungeon Overview and Level Annotations

Branches:
Dungeon (3/15)

Altars:
Gozag
Trog


Innate Abilities, Weirdness & Mutations

You are too large for most types of armour.
You have claws for hands.
Your metabolism is lightning-fast.
You like to eat raw meat.
Your natural rate of healing is unusually fast.
You are covered in fur. (AC +1)
You have very tough skin. (AC +2)


Message History

The centaur closely misses you.
You barely miss the centaur.
The centaur is heavily wounded.
The centaur barely misses you.
You barely miss the centaur.
The centaur is heavily wounded.
The centaur hits you.
* * * LOW HITPOINT WARNING * * *
The centaur hits you.
* * * LOW HITPOINT WARNING * * *
You claw the centaur!
The centaur is almost dead.
The centaur closely misses you.
You scratch the centaur but do no damage.
You claw the centaur, but do no damage.
The centaur is almost dead.
The centaur hits you.
* * * LOW HITPOINT WARNING * * *
The centaur hits you!
You die...

# # # # # #
########### #
#..c......# #
#...@.(...# ####
+......(..#######....
#........(##....#.###
#########.##.........
#.....#.....###.
#.....#.....'.#.
#.....#.....#...
#.....#.....####
.######...........####


You could see a centaur.

Vanquished Creatures
  An ogre (D:2)
  3 adders (D:2)
  An ooze (D:3)
  5 dart slugs
  3 leopard geckos
  8 bats
  5 giant cockroaches
  7 goblins
  3 hobgoblins
  5 jackals
  5 kobolds
  5 frilled lizards
  7 rats
58 creatures vanquished.

Notes
Turn   | Place    | Note
-------+----------+-------------------------------------------
     0 | D:1      | shamaniam the Troll Transmuter began the quest for the Orb.
     0 | D:1      | Reached XP level 1. HP: 18/18 MP: 1/1
    46 | D:1      | Reached skill level 1 in Fighting
    92 | D:1      | Reached XP level 2. HP: 27/27 MP: 3/3
   678 | D:1      | Reached XP level 3. HP: 33/33 MP: 4/4
   890 | D:2      | Noticed an ogre
   903 | D:2      | Killed an ogre
   903 | D:2      | Reached XP level 4. HP: 13/42 MP: 5/5
   903 | D:2      | Reached XP level 5. HP: 16/49 MP: 6/6
  1260 | D:2      | Found an opulent altar of Gozag.
  1353 | D:3      | Found a bloodstained altar of Trog.
  1430 | D:3      | Noticed a centaur
  1442 | D:3      | Slain by a centaur

Skill      XL: |  1  2  3  4  5 |
---------------+----------------+-----
Fighting       | 1 2 |  2.0
Dodging        | 2 |  2.5
Transmutations | 2 |  2.2
Unarmed Combat | |  3.8
Spellcasting   | |  1.9

Action                   |  1- 3 |  4- 6 || total
-------------------------+-------+-------++-------
Melee: Unarmed           |   107 |    54 ||   161
       Punch             |       |     1 ||     1
  Eat: Chunk             |    14 |     5 ||    19
Armor: Robe              |    53 |    48 ||   101
Dodge: Dodged            |    76 |    55 ||   131
